 Dungeon Crawl Stone Soup version 0.27.1-1-g398f81649c (webtiles) character file.

Game seed: 7220168044785201189

1254 ZARRMARR the Sneak (level 8, -4/56 HPs)
             Began as an Octopode Monk on Sept 9, 2021.
             Was a Priest of Okawaru.
             Slain by an acid dragon (13 damage)
             ... on level 6 of the Dungeon.
             The game lasted 00:18:53 (5218 turns).

ZARRMARR the Sneak (Octopode Monk)                  Turns: 5218, Time: 00:18:53

Health: -4/56      AC:  0    Str: 10    XL:     8   Next: 51%
Magic:  9/10       EV: 18    Int: 14    God:    Okawaru [***...]
Gold:   203        SH:  0    Dex: 15    Spells: 7/7 levels left

rFire    . . .     SeeInvis .   x - +6 dagger (protect)
rCold    . . .     Faith    .   (no shield)
rNeg     . . .     Spirit   .   (helmet restricted)
rPois    .         Reflect  .   (no amulet)
rElec    .         Harm     .   (no ring)
rCorr    .         Rampage  .   (no ring)
Will     .....                  (no ring)
Stlth    ++++++....             (no ring)
HPRegen  0.18/turn              (no ring)
MPRegen  0.12/turn              (no ring)
                                (no ring)
                                (no ring)

@: heroic, corroded, under a protective aura, studying Unarmed Combat
A: almost no armour, amphibious, 8 rings, camouflage 1, gelatinous body 1,
(nimble swimmer 1), tentacles
a: Renounce Religion, Heroism


You were on level 6 of the Dungeon.
You worshipped Okawaru.
Okawaru was most pleased with you.
You visited 2 branches of the dungeon, and saw 7 of its levels.

You collected 203 gold pieces.

Inventory:

Hand Weapons
 x - a +6 dagger of protection (weapon)
Missiles
 e - 2 throwing nets
 h - 13 boomerangs
 D - 32 poisoned darts (quivered)
 M - a javelin
Jewellery
 t - a ring of magical power
 C - a ring of fire
Wands
 l - a wand of digging (3)
Scrolls
 a - a scroll of fear {unknown}
 c - 2 scrolls of silence {unknown}
 d - a scroll of vulnerability {unknown}
 A - a scroll of brand weapon
 E - 2 scrolls of amnesia
 O - 4 scrolls of teleportation {unknown}
Potions
 b - a potion of heal wounds {unknown}
 f - a potion of flight {unknown}
 g - a potion of resistance {unknown}
 i - a potion of brilliance {unknown}
 j - a potion of mutation {unknown}
 k - a potion of curing {unknown}
 P - a potion of haste {unknown}


   Skills:
 + Level 5.5(10.5) Fighting
 + Level 5.5(10.5) Short Blades
 + Level 5.5(10.5) Dodging
 + Level 7.1(12.1) Stealth
 + Level 3.2 Invocations


You had 7 spell levels left.
You didn't know any spells.
Your spell library contained the following spells:

 Spells                   Type           Power      Damage    Failure   Level
 Slow                     Hex            0%         N/A       41%         2
 Confusing Touch          Hex            0%         N/A       65%         3
 Vampiric Draining        Necr           0%         2d6       65%         3


Dungeon Overview and Level Annotations

Branches:
Dungeon (6/15)             Temple (1/1) D:4

Altars:
Ashenzari
Cheibriados
Dithmenos
Elyvilon
Fedhas
Gozag
Hepliaklqana
Kikubaaqudgha
Makhleb
Okawaru
Qazlal
Ru
Sif Muna
Trog
Uskayaw
Wu Jian
Xom
Yredelemnul
Zin

Shops:
D:2 (

Annotations:
D:4 1 runed translucent door, Houndtax's ghost, amateur NaSu


Innate Abilities, Weirdness & Mutations

You cannot wear most types of armour.
You are amphibious.
You can wear up to eight rings at the same time.
Your skin changes colour to match your surroundings (Stealth+).
Your rubbery body absorbs attacks. (AC +1, EV +1)
((You are camouflaged near water. (Stealth+)))
You have tentacles for arms and can constrict up to eight enemies at once.


Message History

The acid dragon is severely wounded.
You hit the acid dragon but do no damage.
The acid dragon is severely wounded.
The acid dragon barely misses you.
The acid dragon claws you but does no damage.
You hit the acid dragon.
You squeeze the acid dragon, but do no damage.
The acid dragon is almost dead.
An orc wizard comes into view. It is wielding a +0 dagger.
You closely miss the acid dragon.
The acid dragon is almost dead.
The acid dragon barely misses you. The acid dragon completely misses you.
You hit the acid dragon but do no damage.
The acid dragon is almost dead.
You hit the acid dragon.
The acid dragon is almost dead.
The acid dragon spits acid at you. The splash of acid hits you!
The acid corrodes you!
You are splashed with acid!
* * * LOW HITPOINT WARNING * * *
You hear a shout!
You hit the acid dragon but do no damage.
Your squeeze misses the acid dragon.
The acid dragon is almost dead.
You hit the acid dragon.
The acid dragon is almost dead.
The acid dragon misses you. The acid dragon claws you.
* * * LOW HITPOINT WARNING * * *
You hit the acid dragon but do no damage.
The acid dragon is almost dead.
You completely miss the acid dragon.
You squeeze the acid dragon, but do no damage.
The acid dragon is almost dead.
The acid dragon completely misses you. The acid dragon misses you.
You closely miss the acid dragon.
The acid dragon is almost dead.
Unknown command.
You hit the acid dragon.
The acid dragon is almost dead.
The acid dragon bites you!
You die...

##.)>......####....#
###.......## ##...##
##.....## #.>...#
##...## ##...##
##+## #..## #.## #.#
#.# #@# #D# #o# #.#
..# ###


You could see an acid dragon (catching breath) and an orc wizard.

Vanquished Creatures
  A water moccasin (D:5)
  A black bear (D:4)
  3 ogres
  A centaur (D:6)
  A bullfrog (D:4)
  A gnoll sergeant (D:5)
  A scorpion (D:5)
  A water moccasin zombie (D:5)
  3 hounds
  A jelly (D:4)
  Jessica (D:2)
  2 iguanas
  An orc wizard (D:4)
  2 hound skeletons (D:5)
  7 gnolls (D:5)
  5 adders
  A shadow imp (D:5)
  A worm (D:2)
  3 dart slugs (D:1)
  14 orcs
  7 ball pythons
  8 bats (D:3)
  7 endoplasms
  3 giant cockroaches
  7 goblins
  6 hobgoblins
  8 quokkas
  5 frilled lizards
  10 kobolds
  4 rats (D:1)
116 creatures vanquished.

Vanquished Creatures (others)
  A fungus (D:1)
  3 plants (D:4)
4 creatures vanquished.

Grand Total: 120 creatures vanquished

Notes
Turn   | Place    | Note
-------+----------+-------------------------------------------
     0 | D:1      | ZARRMARR the Octopode Monk began the quest for the Orb.
     0 | D:1      | Reached XP level 1. HP: 16/16 MP: 1/1
   181 | D:1      | Reached skill level 3 in Stealth
   181 | D:1      | Reached XP level 2. HP: 21/21 MP: 2/2
   492 | D:1      | Reached XP level 3. HP: 26/26 MP: 3/3
  1080 | D:2      | You fall into a shaft and drop 1 floor!
  1401 | D:2      | Found Isiecazi's Antique Weapon Emporium.
  1442 | D:2      | Found a faded altar of an unknown god.
  1459 | D:2      | Noticed Jessica
  1466 | D:2      | Killed Jessica
  1467 | D:2      | Reached XP level 4. HP: 31/31 MP: 4/4
  1959 | D:3      | Reached skill level 4 in Stealth
  2093 | D:3      | Reached XP level 5. HP: 15/37 MP: 5/5
  2740 | D:4      | Reached XP level 6. HP: 16/43 MP: 6/6
  2949 | D:4      | Found a staircase to the Ecumenical Temple.
  2956 | Temple   | Entered the Ecumenical Temple
  3138 | Temple   | Became a worshipper of Warmaster Okawaru
  3138 | Temple   | Reached * piety under Okawaru
  3138 | Temple   | Reached ** piety under Okawaru
  3195 | D:4      | Reached skill level 5 in Stealth
  3526 | D:4      | Noticed a black bear
  3538 | D:4      | Killed a black bear
  3601 | D:4      | Found a runed translucent door.
  3602 | D:4      | Noticed Houndtax's ghost (amateur NaSu)
  3766 | D:5      | Entered Level 5 of the Dungeon
  3875 | D:5      | Reached XP level 7. HP: 49/49 MP: 7/7
  3932 | D:5      | Reached skill level 1 in Invocations
  4056 | D:5      | Found a glowing silver altar of Zin.
  4151 | D:5      | Reached skill level 6 in Stealth
  4254 | D:5      | Reached skill level 5 in Fighting
  4254 | D:5      | Reached skill level 5 in Short Blades
  4374 | D:5      | Reached *** piety under Okawaru
  4375 | D:5      | Reached skill level 5 in Dodging
  4454 | D:5      | Reached XP level 8. HP: 55/55 MP: 6/9
  5067 | D:6      | Reached skill level 7 in Stealth
  5218 | D:6      | Slain by an acid dragon

Illustrated notes

Levels and vault maps discovered:
D:1:      dpeg_cavernosity, layout_basic
D:2:      layout_loops_ring, hellmonk_ecumenical_altar_pennies_from_heaven,
          serial_shops, shop, kennysheep_generic_room_11, uniq_jessica
D:3:      layout_rooms, roderic_batcave, nrook_mini_vaults, kennysheep_donut
D:4:      layout_loops_ring, minmay_temple_entry_gardened_gates,
          gammafunk_ghost_grave, hangedman_abyss_or_decor_passed,
          kennysheep_big_empty_room, minmay_tree_intersection
D:5:      layout_cave_pods, zin_statuary, kennysheep_generic_room_9
D:6:      layout_loops_corners, nemelex_diamond_rough_becter
Temple:   regret_index_temple_mists

Skill      XL: |  1  2  3  4  5  6  7  8 |
---------------+-------------------------+-----
Stealth        | 3 4 5 6 7 |  7.1
Fighting       | 4 5 |  5.5
Short Blades   | 4 5 |  5.5
Dodging        | 4 5 |  5.5
Invocations    | 2 3 |  3.2

Action                   |  1- 3 |  4- 6 |  7- 9 || total
-------------------------+-------+-------+-------++-------
Melee: Short sword       |    69 |     1 |       ||    70
       Constrict         |    14 |    22 |    11 ||    47
       Tentacles         |    12 |    25 |    11 ||    48
       Dagger            |       |   114 |    72 ||   186
       Punch             |       |       |     2 ||     2
Throw: Javelin           |       |     2 |     1 ||     3
       Dart              |       |       |     4 ||     4
       Boomerang         |       |       |     1 ||     1
Invok: Heroism           |       |     1 |     5 ||     6
  Use: Scroll            |       |     6 |     1 ||     7
 Stab: Sleeping          |    14 |    13 |     9 ||    36
       Distracted        |       |     2 |       ||     2
Armor: Skin              |     2 |    23 |    10 ||    35
Dodge: Dodged            |    27 |    62 |    39 ||   128
